 Dungeon Crawl Stone Soup version 0.29-a0-9-g022ca4c890 (webtiles) character file.

Game seed: 14027297137968208148

129 Grim the Poker (level 4, -12/58 HPs)
             Began as a Minotaur Fighter on Jan 28, 2022.
             Killed from afar by a steam dragon (14 damage)
             ... with a ball of steam
             ... on level 3 of the Dungeon.
             The game lasted 00:04:10 (1586 turns).

Grim the Poker (Minotaur Fighter)                   Turns: 1586, Time: 00:04:10

Health: -12/58     AC: 22    Str: 20    XL:     4   Next: 88%
Magic:  3/3        EV:  2    Int:  7    God:
Gold:   202        SH:  4    Dex: 10    Spells: 3/3 levels left

rFire   . . .      SeeInvis .   a - +0 trident
rCold   . . .      Faith    .   c - +0 buckler
rNeg    . . .      Spirit   .   (armour currently unavailable)
rPois   +          Reflect  .   (helmet currently unavailable)
rElec   .          Harm     .   (cloak currently unavailable)
rCorr   .          Rampage  .   (gloves currently unavailable)
Will    .....      NoTele   +   (boots currently unavailable)
Stlth   +.........              (no amulet)
HPRegen 0.19/turn               (no ring)
MPRegen 0.08/turn               (no ring)

@: tree-form
A: stationary, stasis, torment immunity, boosted hp, (horns 2), (retaliatory
headbutt)
a: no special abilities


You were on level 3 of the Dungeon.
You were a tree.
You visited 1 branch of the dungeon, and saw 3 of its levels.

You collected 202 gold pieces.

Inventory:

Hand Weapons
 a - a +0 trident (weapon)
 j - a +0 hunting sling
Missiles
 e - 133 stones (quivered)
 k - 43 sling bullets
Armour
 b - a +0 scale mail
 c - a +0 buckler (worn)
 l - a +0 chain mail (melded)
Jewellery
 f - a ring of poison resistance
 o - a ring of flight
Scrolls
 i - 3 scrolls of identify {unknown}
 n - a scroll of magic mapping {unknown}
 p - a scroll of enchant armour {unknown}
Potions
 d - a potion of might
 g - a potion of resistance {unknown}
 h - a potion of attraction {unknown}


   Skills:
 - Level 3.6 Fighting
 + Level 6.2 Polearms
 - Level 3.6 Armour
 - Level 3.6 Shields


You had 3 spell levels left.
You didn't know any spells.
Your spell library contained the following spells:

 Spells                   Type           Power      Damage    Failure   Level
 Animate Skeleton         Necr           0%         N/A       52%         1
 Pain                     Necr           0%         1d4       52%         1
 Vampiric Draining        Necr           0%         2d6       88%         3


Dungeon Overview and Level Annotations

Branches:
Dungeon (3/15)

Altars:
Wu Jian

Shops:
D:3 ((((


Innate Abilities, Weirdness & Mutations

You are a tree.
Your roots penetrate the ground, keeping you stationary.
You cannot be teleported.
You are immune to unholy pain and torment.
Your maximum health is greatly increased.
Your equipment is partially melded.
((You have a pair of horns on your head.))
((You reflexively headbutt those who attack you in melee.))


Message History

* * * LOW HITPOINT WARNING * * *
The steam dragon claws you.
* * * LOW HITPOINT WARNING * * *
The steam dragon bites you but does no damage.
The steam dragon claws you.
* * * LOW HITPOINT WARNING * * *
You hit the steam dragon. Your headbutt misses the steam dragon.
The steam dragon is heavily wounded.
You block the steam dragon's attack. The steam dragon barely misses you.
You barely miss the steam dragon. Your headbutt misses the steam dragon.
The steam dragon is heavily wounded.
The steam dragon breathes steam at you. The ball of steam hits you!
* * * LOW HITPOINT WARNING * * *
Unknown command.
The steam dragon completely misses you. The steam dragon claws you.
* * * LOW HITPOINT WARNING * * *
It was a potion of lignification.
You turn into a tree.
Your +0 chain mail melds into your body.
Your roots penetrate the ground.
The steam dragon bites you.
* * * LOW HITPOINT WARNING * * *
The steam dragon claws you but does no damage.
You puncture the steam dragon!
The steam dragon is almost dead.
You block the steam dragon's attack.
The steam dragon claws you but does no damage.
An endoplasm comes into view.
You hit the steam dragon but do no damage.
The steam dragon is almost dead.
You block the steam dragon's attack.
The steam dragon claws you but does no damage.
You hit the steam dragon.
The steam dragon is almost dead.
The steam dragon bites you but does no damage.
The steam dragon claws you but does no damage.
You hit the steam dragon.
The steam dragon is almost dead.
The steam dragon breathes steam at you. The ball of steam hits you!
You die...

#.............+ #.###...
#.............# #.###...
#.............# #...#...
######################<#.###.
#............#.#[..##
#........###.#.###.##
#...............##.##
#.........#..#[..#.#
#...♣...#.#..#.....#
#####D##...........#
#J##..###.....##
#..#..........#
##.############ ... .....
....... ...._....


You could see a steam dragon (catching breath) and an endoplasm.

Vanquished Creatures
  A hound (D:3)
  Terence (D:2)
  An adder (D:3)
  2 worms (D:2)
  2 dart slugs (D:1)
  3 ball pythons (D:1)
  4 endoplasms
  3 giant cockroaches
  8 goblins
  5 hobgoblins
  3 jackals (D:1)
  A quokka (D:1)
  3 bats
  A frilled lizard (D:1)
  6 kobolds
  7 rats
51 creatures vanquished.

Notes
Turn   | Place    | Note
-------+----------+-------------------------------------------
     0 | D:1      | Grim the Minotaur Fighter began the quest for the Orb.
     0 | D:1      | Reached XP level 1. HP: 19/19 MP: 0/0
    42 | D:1      | Reached skill level 3 in Polearms
   139 | D:1      | Reached XP level 2. HP: 26/26 MP: 1/1
   376 | D:1      | Reached skill level 4 in Polearms
   475 | D:1      | Reached XP level 3. HP: 29/31 MP: 2/2
  1111 | D:2      | Noticed Terence
  1119 | D:2      | Killed Terence
  1120 | D:2      | Reached skill level 5 in Polearms
  1120 | D:2      | Reached XP level 4. HP: 36/39 MP: 3/3
  1146 | D:2      | You fall into a shaft and drop 1 floor!
  1146 | D:3      | Found Johotsicen's Weapon Boutique.
  1215 | D:3      | Found Cuudweig's Antique Weapon Emporium.
  1375 | D:3      | Reached skill level 6 in Polearms
  1453 | D:3      | Found Ticihid's Weapon Boutique.
  1495 | D:3      | Found Forank's Weapon Emporium.
  1563 | D:3      | Found an ornate altar of the Wu Jian Council.
  1565 | D:3      | Noticed a steam dragon
  1582 | D:3      | HP: 1/58 [steam dragon (2)]
  1586 | D:3      | Killed from afar by a steam dragon

Illustrated notes

Levels and vault maps discovered:
D:1:      heliophobic_arrival_battle_scene, layout_loops_cross, minmay_bisected
D:2:      layout_loops_ring, serial_bayou_pond_a, uniq_terence
D:3:      layout_basic, lemuel_round_altar, serial_shops, shop, shop_coins,
          shop, shop_fountains

Skill      XL: |  1  2  3  4 |
---------------+-------------+-----
Polearms       | 3 4 5 6 |  6.2
Fighting       | |  3.6
Armour         | |  3.6
Shields        | |  3.6

Action                   |  1- 3 |  4- 6 || total
-------------------------+-------+-------++-------
Melee: Trident           |    96 |    43 ||   139
       Headbutt          |    10 |     4 ||    14
  Use: Potion            |       |     1 ||     1
Armor: Scale mail        |    22 |       ||    22
       Chain mail        |     9 |    14 ||    23
       Skin              |       |     5 ||     5
Dodge: Dodged            |    16 |    10 ||    26
Block: Buckler           |     9 |     5 ||    14

Table legend: (Time is in decaauts)
 A = Elapsed time spent in this place.
 B = Non-inter-level travel time spent in this place.
 C = Inter-level travel time spent in this place.
 D = Time resting spent in this place.
 E = Time spent auto-exploring this place.
 F = Levels seen in this place.
 G = Mean time per level.
                   A        B        C        D        E       F      G
               +--------+--------+--------+--------+--------+-----+--------+
         Total |   1600 |   1571 |     29 |    161 |   1096 |   3 |  533.3 |
       Dungeon |   1600 |   1571 |     29 |    161 |   1096 |   3 |  533.3 |
               +--------+--------+--------+--------+--------+-----+--------+

Top non-repeatable levels by time:
     D:1: 839 daAuts
     D:3: 441 daAuts
     D:2: 318 daAuts
